 Dungeon Crawl Stone Soup version 0.30.1 (webtiles) character file.

Game seed: 16478287881049162975

53 Graphine the Ducker (level 3, -9/28 HPs)
             Began as a Merfolk Gladiator on July 7, 2023.
             Killed by divine providence
             ... invoked by an orc priest
              (13 damage)
             ... on level 4 of the Dungeon.
             The game lasted 00:02:11 (1275 turns).

Graphine the Ducker (Merfolk Gladiator)             Turns: 1275, Time: 00:02:11

Health: -9/28      AC:  4    Str: 14    XL:     3   Next: 87%
Magic:  3/3        EV: 13    Int:  9    God:
Gold:   91         SH:  0    Dex: 15    Spells: 2/2 levels left

rFire   . . .        p - +0 short sword (vamp)
rCold   . . .        (no shield)
rNeg    . . .        b - +0 leather armour
rPois   .            c - +0 helmet
rElec   .            (no cloak)
rCorr   .            (no gloves)
SInv    .            (no boots)
Will    .....        (no amulet)
Stlth   +            (no ring)
HPRegen 0.24/turn    (no ring)
MPRegen 0.08/turn

%: no passive effects
@: no status effects
A: (nimble swimmer 2), mertail
a: no special abilities


You were on level 4 of the Dungeon.
You visited 1 branch of the dungeon, and saw 3 of its levels.

You collected 91 gold pieces.

Inventory:

Hand Weapons
 a - a +1 long sword
 p - a +0 vampiric short sword (weapon)
Missiles
 d - 3 throwing nets (quivered)
 e - a javelin
Armour
 b - a +0 leather armour (worn)
 c - a +0 helmet (worn)
Jewellery
 f - a ring of positive energy
 k - an amulet of faith
Scrolls
 g - 3 scrolls of silence {unknown}
 h - 2 scrolls of identify
 n - a scroll of enchant armour {unknown}
 o - a scroll of blinking {unknown}
Potions
 i - 2 potions of might
 j - a potion of brilliance
 l - 2 potions of heal wounds {unknown}
 m - a potion of resistance {unknown}


   Skills:
 * Level 2.9 Fighting
 * Level 4.2 Long Blades
 + Level 2.4 Throwing
 * Level 4.7 Dodging


You had 2 spell levels left.
You didn't know any spells.
Your spell library contained the following spells:

 Spells                   Type           Power      Damage    Failure   Level
 Dazzling Flash           Conj/Hex       0%         N/A       83%         3
 Agony                    Necr           0%         N/A       100%        5
 Silence                  Hex/Air        0%         N/A       100%        5


Dungeon Overview and Level Annotations

Branches:
Dungeon (2/15)

Altars:


Innate Abilities, Weirdness & Mutations

((You are very nimble when in or above water. (Stealth+, EV+, Speed+++)))
Your lower body shifts to a powerful aquatic tail in water.


Message History

An orc priest comes into view. It is wielding a +0 mace.
The orc priest begins to cast a cantrip, but forgets the words!
You see here a +0 vampiric short sword.
You feel a sense of dread.
p - a +0 vampiric short sword (weapon)
Found a sling.
The orc priest miscasts a cantrip.
The orc priest misses you.
You closely miss the orc priest.
The orc priest looks encouraged for a moment.
You hit the orc priest.
The orc priest is moderately wounded.
The orc priest misses you.
You barely miss the orc priest.
The orc priest is moderately wounded.
The orc priest misses you.
You closely miss the orc priest.
The orc priest is moderately wounded.
You closely miss the orc priest.
The orc priest is moderately wounded.
The orc priest hits you with a +0 mace!
You completely miss the orc priest.
The orc priest is moderately wounded.
The orc priest begins to cast a cantrip, but forgets the words!
You closely miss the orc priest.
The orc priest is moderately wounded.
The orc priest hits you with a +0 mace.
You barely miss the orc priest.
The orc priest is moderately wounded.
The orc priest invokes the aid of Beogh against you.
Pain shoots through your body!
* * * LOW HITPOINT WARNING * * *
You hit the orc priest.
The orc priest is heavily wounded.
The orc priest closely misses you.
You closely miss the orc priest.
The orc priest is heavily wounded.
The orc priest invokes the aid of Beogh against you.
Beogh smites you!
You die...

..##.# ....# ...
#.## #..## #...#
##.#....#
#..##...#
##@.#....#
##o.##.....#
##..##.)....#
.##+##..##........
...........#
#...###...## #...#
#..## .....##.##
.........#


You could see an orc priest.

Vanquished Creatures
  An adder (D:2)
  A worm (D:2)
  2 dart slugs (D:1)
  4 endoplasms
  3 giant cockroaches (D:1)
  3 goblins
  6 hobgoblins
  3 quokkas
  2 ball pythons (D:1)
  2 bats (D:1)
  2 frilled lizards (D:1)
  2 kobolds (D:1)
  2 rats
33 creatures vanquished.

Notes
Turn   | Place    | Note
-------+----------+-------------------------------------------
     0 | D:1      | Graphine the Merfolk Gladiator began the quest for the Orb.
     0 | D:1      | Reached XP level 1. HP: 16/16 MP: 1/1
   171 | D:1      | Reached XP level 2. HP: 20/23 MP: 2/2
   767 | D:1      | Reached XP level 3. HP: 28/28 MP: 3/3
  1233 | D:2      | You fall into a shaft and drop 2 floors!
  1275 | D:4      | Killed from afar by an orc priest

Illustrated notes

Levels and vault maps discovered:
D:1:      ncdulo_lavacross, layout_basic
D:2:      layout_basic, uniq_sigmund
D:4:      layout_layer_cave, gammafunk_temple_overflow_claw,
          minmay_temple_entry_statues_fountains

Skill      XL: |  1  2 |
---------------+-------+-----
Long Blades    | 4 |  4.2
Fighting       | |  2.9
Throwing       | |  2.4
Dodging        | |  4.7

Action                     || total
---------------------------++-------
  Melee: Long sword        ||    88
         Punch             ||     2
         Short sword       ||    10
    Use: Scroll            ||     3
   Stab: Sleeping          ||     1
 Armour: Leather armour    ||    21
  Dodge: Dodged            ||    62
